 Dungeon Crawl Stone Soup version 0.29-a0-993-g4a18f31a58 (webtiles) character file.

Game seed: 4961846735006277258

529 spaghetti the Insei (level 7, -1/52 HPs)
             Began as a Gnoll Transmuter on Aug 2, 2022.
             Was an Initiate of Gozag.
             Slain by a howler monkey (7 damage)
             ... on level 5 of the Dungeon.
             The game lasted 00:07:42 (4640 turns).

spaghetti the Insei (Gnoll Transmuter)              Turns: 4640, Time: 00:07:42

Health: -1/52      AC:  3    Str: 10      XL:     7   Next: 23%
Magic:  13/15      EV: 13    Int: 13 (14) God:    Gozag
Gold:   305        SH:  0    Dex: 10 (12) Spells: 14/17 levels left

rFire   . . .      SeeInvis .     - Unarmed
rCold   . . .      Faith    .   (no shield)
rNeg    . . .      Spirit   .   a - +0 robe
rPois   .          Reflect  .   (helmet currently unavailable)
rElec   .          Harm     .   h - +0 cloak
rCorr   .          Rampage  .   (no gloves)
Will    .....                   (boots currently unavailable)
Stlth   ++........              (no amulet)
HPRegen 0.17/turn               (no ring)
MPRegen 0.14/turn               (no ring)

@: about to teleport, appendages
A: horns 2, talons 2, fangs 1, strong nose, distributed training
a: End Transformation, Renounce Religion, Potion Petition, Call Merchant, Bribe
Branch


You were on level 5 of the Dungeon.
You worshipped Gozag.
Gozag was aware of your devotion.
You had temporarily grown beastly horns and talons.
You visited 1 branch of the dungeon, and saw 5 of its levels.

You collected 381 gold pieces.
You paid 76 gold pieces to Gozag.


Innate Abilities, Weirdness & Mutations

You have temporarily grown beastly horns and talons.
You have very sharp teeth.
Your uncanny sense of smell can sniff out nearby items.
Your experience applies equally to all skills.


   Skills:
 + Level 3.6 Fighting
 + Level 2.4 Short Blades
 + Level 2.4 Long Blades
 + Level 2.4 Axes
 + Level 2.4 Maces & Flails
 + Level 2.4 Polearms
 + Level 2.4 Staves
 + Level 2.4 Ranged Weapons
 + Level 2.4 Throwing
 + Level 2.4 Armour
 + Level 5.2 Dodging
 + Level 2.4 Stealth
 + Level 2.4 Shields
 + Level 7.0 Unarmed Combat
 + Level 5.6 Spellcasting
 + Level 2.0 Conjurations
 + Level 2.0 Hexes
 + Level 2.0 Summonings
 + Level 2.0 Necromancy
 + Level 2.0 Translocations
 + Level 4.3 Transmutations
 + Level 2.0 Fire Magic
 + Level 2.0 Ice Magic
 + Level 2.0 Air Magic
 + Level 2.0 Earth Magic
 + Level 2.0 Poison Magic
 + Level 2.7 Invocations
 + Level 2.4 Evocations


You had 14 spell levels left.
You knew the following spells:

 Your Spells              Type           Power      Damage    Failure   Level
a - Beastly Appendage     Tmut           28%        N/A       3%          1
b - Wereblood             Tmut           14%        N/A       4%          2

Your spell library contained the following spells:

 Spells                   Type           Power      Damage    Failure   Level
 Sting                    Tmut/Pois      44%        1d5       4%          1
 Poisonous Vapours        Pois/Air       16%        N/A       12%         2
 Spider Form              Tmut/Pois      11%        N/A       14%         3
 Ice Form                 Ice/Tmut       11%        N/A       43%         4
 Olgreb's Toxic Radiance  Pois           8%         N/A       58%         4

Inventory:

Missiles
 d - 3 boomerangs (quivered) {throwing}
Armour
 a - a +0 robe (worn)
 b - a +0 pair of boots (melded)
   (You found it on level 4 of the Dungeon)
 h - a +0 cloak (worn)
   (You found it on level 1 of the Dungeon)
 o - a +2 hat (melded)
   (You found it on level 3 of the Dungeon)
Jewellery
 m - a ring of positive energy
   (You found it on level 1 of the Dungeon)
Scrolls
 c - a scroll of identify {@r1}
 e - a scroll of vulnerability {!r!r}
 f - a scroll of torment {!r}
 g - 2 scrolls of teleportation {@r4}
 i - a scroll of amnesia {unknown}
 l - a scroll of blinking {unknown}
 n - a scroll of silence {unknown}
 p - a scroll of enchant weapon {unknown}
Potions
 k - a potion of curing {@q1}

Dungeon Overview and Level Annotations

Branches:
Dungeon (5/15) Zot: 25379  Temple (0/1) D:4

Altars:
Gozag
Nemelex Xobeh
Wu Jian
Xom
Yredelemnul

Shops:
D:2

! .......#........# ...
................###..#.#
..............#.#....#..
.......##...###........
#......###..###......# .
..##.......#.......#..
∆.....................#
###...........l.....#
#...........@h...... $
#........##..O.......
#....................
.....................
........##..#.......
...... #..#....... ...
....[..(##. ..
.....##..#


You could see an ogre, a howler monkey and an iguana.


Message History

😮 HP[+1]
You howl as the wereblood boils in your veins!
You now have 291 gold pieces (gained 18).
d - 3 boomerangs {throwing}
Items here: ))) [.
You howl as the wereblood boils in your veins!
Your horns disappear.
Your talons disappear.
Your +2 hat unmelds from your body.
Your +0 pair of boots unmelds from your body.
You howl as the wereblood boils in your veins!
You howl as the wereblood boils in your veins!
You howl as the wereblood boils in your veins!
Your primal bloodlust is almost over.
Your primal bloodlust has ended.
Key pressed, stopping explore.
Key pressed, stopping explore.
You now have 299 gold pieces (gained 8).
j - a cyan potion 😎 HP[+21] MP[+2]
Your hp is fully restored (52).
Your mp is fully restored (15).
Key pressed, stopping explore.
You now have 305 gold pieces (gained 6).
k - a brown potion
k - 2 brown potions (gained 1)
p - a scroll labelled DIAMUYFUVA An iguana comes into view.
An iguana is nearby!
An iguana is nearby!
A howler monkey comes into view.
The howler monkey howls!
The iguana hisses angrily.
The howler monkey hoots and howls with incredible vigour!
You hear a shout! x2
An ogre comes into view. It is wielding a +0 giant spiked club.
The howler monkey completely misses you.
You hit the howler monkey. The howler monkey hits you. 😕 HP[-1]
You take 1 damage, and now have 51/52 hp.
You closely miss the howler monkey. Your bite misses the howler monkey.
The iguana misses you.
The howler monkey hoots and howls with incredible vigour!
You closely miss the howler monkey. The iguana closely misses you.
The howler monkey misses you.
You hit the howler monkey. The howler monkey closely misses you.
The iguana bites you. 😕 HP[-4]
You take 4 damage, and now have 47/52 hp.
You are too injured to fight recklessly!
Casting: Wereblood (safe; 4% risk of failure)
Confirm with . or Enter, or press ? or * to list all spells.
You grow a pair of large bovine horns.
Your feet morph into talons.
Your +2 hat melds into your body.
Your +0 pair of boots melds into your body.
The howler monkey hoots and howls with incredible vigour!
The iguana closely misses you. 😕 MP[-1]
You lost 1 mp, and now have 14/15 mp.
Unknown command.
It was a potion of curing.
You feel better. The howler monkey closely misses you. The ogre misses you.
The iguana closely misses you. 😎 HP[+5]
Your hp is fully restored (52).
It was a potion of cancellation.
Your magical effects are unravelling.
You feel magically purged.
Your horns disappear.
Your talons disappear.
Your +2 hat unmelds from your body.
Your +0 pair of boots unmelds from your body.
The howler monkey hits you. The iguana bites you. 😕 HP[-8]
You take 8 damage, and now have 44/52 hp.
You barely miss the ogre. You bite the ogre.
The howler monkey closely misses you. The ogre barely misses you.
Casting: Beastly Appendage (safe; 3% risk of failure)
Confirm with . or Enter, or press ? or * to list all spells.
You grow a pair of large bovine horns.
Your feet morph into talons.
Your +2 hat melds into your body.
Your +0 pair of boots melds into your body.
The howler monkey hits you.
The iguana bites you but does no damage.
The howler monkey hoots and howls with incredible vigour! 😕 HP[-4] MP[-1]
You take 4 damage, and now have 40/52 hp.
You lost 1 mp, and now have 13/15 mp.
Unknown command.
You barely miss the ogre. You punch the ogre. The iguana barely misses you.
The ogre hits you with a +0 giant spiked club!!
* * * LOW HITPOINT WARNING * * *
The howler monkey barely misses you. 😨 HP[-22]
You take 22 damage, and now have 18/52 hp.
MASSIVE DAMAGE!! (PAUSE)
As you read the scroll of teleportation {@r4}, it crumbles to dust.
You feel strangely unstable. The iguana bites you!
* * * LOW HITPOINT WARNING * * *
The ogre closely misses you. The howler monkey hits you!
You die...
Your body crumbles into a pile of gold.

Skill      XL: |  1  2  3  4  5  6  7 |
---------------+----------------------+-----
Spellcasting   | 5 |  5.6
Invocations    | 1 2 |  2.7
Short Blades   | 1 2 |  2.4
Long Blades    | 1 2 |  2.4
Axes           | 1 2 |  2.4
Maces & Flails | 1 2 |  2.4
Polearms       | 1 2 |  2.4
Staves         | 1 2 |  2.4
Ranged Weapons | 1 2 |  2.4
Throwing       | 1 2 |  2.4
Armour         | 1 2 |  2.4
Stealth        | 1 2 |  2.4
Shields        | 1 2 |  2.4
Evocations     | 1 2 |  2.4
Conjurations   | 1 2 |  2.0
Hexes          | 1 2 |  2.0
Summonings     | 1 2 |  2.0
Necromancy     | 1 2 |  2.0
Translocations | 1 2 |  2.0
Fire Magic     | 1 2 |  2.0
Ice Magic      | 1 2 |  2.0
Air Magic      | 1 2 |  2.0
Earth Magic    | 1 2 |  2.0
Poison Magic   | 1 2 |  2.0
Fighting       | 3 |  3.6
Transmutations | 4 |  4.3
Dodging        | 5 |  5.2
Unarmed Combat | 7 |  7.0

Action                   |  1- 3 |  4- 6 |  7- 9 || total
-------------------------+-------+-------+-------++-------
Melee: Unarmed           |   101 |   119 |    37 ||   257
       Bite              |     5 |    15 |     3 ||    23
       Headbutt          |    12 |     2 |     1 ||    15
       Kick              |     8 |     3 |     2 ||    13
       Punch             |     2 |     3 |     1 ||     6
Throw: Stone             |       |    28 |       ||    28
 Cast: Beastly Appendage |    23 |     4 |     3 ||    30
       Wereblood         |     7 |     1 |     1 ||     9
  Use: Potion            |     1 |     5 |     2 ||     8
       Scroll            |       |     3 |     1 ||     4
 Stab: Sleeping          |     2 |     3 |       ||     5
Armor: Robe              |    26 |    28 |     2 ||    56
       Skin              |     2 |    10 |       ||    12
Dodge: Dodged            |    75 |    81 |    40 ||   196

Levels and vault maps discovered:
D:1:      dpeg_arrival_ratfight, layout_basic,
          shapermc_ecumenical_altar_totnotflames, chequers_serial_rivers_room_b
D:2:      layout_rooms, serial_shops, nicolae_shop_trees, basic_altar
D:3:      layout_loops_corners
D:4:      layout_cave_pods, grunt_temple_overflow_open,
          minmay_temple_entry_ruins, kennysheep_cross_bottleneck,
          minmay_misc_feat_four_crosses, uniq_ijyb
D:5:      layout_cave_pools

Notes
Turn   | Place    | Note
-------+----------+-------------------------------------------
     0 | D:1      | spaghetti the Gnoll Transmuter began the quest for the Orb.
     0 | D:1      | Reached XP level 1. HP: 17/17 MP: 6/6
     0 | D:1      | magus.rc [v1.9.6]
   188 | D:1      | You add the spells Sting, Poisonous Vapours and Olgreb's
                  | Toxic Radiance to your library.
   276 | D:1      | Reached XP level 2. HP: 19/23 MP: 7/7
   289 | D:1      | Learned a level 2 spell: Wereblood
   341 | D:1      | Found a faded altar of an unknown god.
   700 | D:1      | Reached skill level 5 in Spellcasting
   700 | D:1      | Reached XP level 3. HP: 28/28 MP: 7/9
   880 | D:1      | Reached skill level 1 in Invocations
  1233 | D:2      | Found Sushrane's Distillery.
  1310 | D:2      | Reached skill level 1 in Short Blades
  1310 | D:2      | Reached skill level 1 in Long Blades
  1310 | D:2      | Reached skill level 1 in Axes
  1310 | D:2      | Reached skill level 1 in Maces & Flails
  1310 | D:2      | Reached skill level 1 in Polearms
  1310 | D:2      | Reached skill level 1 in Staves
  1310 | D:2      | Reached skill level 1 in Ranged Weapons
  1310 | D:2      | Reached skill level 1 in Throwing
  1310 | D:2      | Reached skill level 1 in Armour
  1310 | D:2      | Reached skill level 1 in Stealth
  1310 | D:2      | Reached skill level 1 in Shields
  1310 | D:2      | Reached skill level 1 in Evocations
  1395 | D:2      | HP: 6/28 [worm (4)]
  1676 | D:2      | Reached XP level 4. HP: 21/34 MP: 8/11
  2010 | D:2      | Found a basalt altar of Yredelemnul.
  2139 | D:2      | Reached skill level 1 in Conjurations
  2139 | D:2      | Reached skill level 1 in Hexes
  2139 | D:2      | Reached skill level 1 in Summonings
  2139 | D:2      | Reached skill level 1 in Necromancy
  2139 | D:2      | Reached skill level 1 in Translocations
  2139 | D:2      | Reached skill level 1 in Fire Magic
  2139 | D:2      | Reached skill level 1 in Ice Magic
  2139 | D:2      | Reached skill level 1 in Air Magic
  2139 | D:2      | Reached skill level 1 in Earth Magic
  2139 | D:2      | Reached skill level 1 in Poison Magic
  3114 | D:3      | Reached XP level 5. HP: 36/40 MP: 12/12
  3230 | D:4      | Found an ornate altar of the Wu Jian Council.
  3233 | D:4      | Found an opulent altar of Gozag.
  3235 | D:4      | Found a shimmering altar of Xom.
  3235 | D:4      | Found a sparkling altar of Nemelex Xobeh.
  3242 | D:4      | Became a worshipper of Gozag Ym Sagoz the Greedy
  3265 | D:4      | Reached skill level 3 in Fighting
  3265 | D:4      | Reached skill level 4 in Transmutations
  3450 | D:4      | Found a staircase to the Ecumenical Temple.
  3574 | D:4      | Reached skill level 2 in Invocations
  3574 | D:4      | Reached XP level 6. HP: 40/47 MP: 14/14
  3653 | D:4      | Noticed Ijyb
  3696 | D:4      | Killed Ijyb
  3697 | D:4      | Reached skill level 2 in Short Blades
  3697 | D:4      | Reached skill level 2 in Long Blades
  3697 | D:4      | Reached skill level 2 in Axes
  3697 | D:4      | Reached skill level 2 in Maces & Flails
  3697 | D:4      | Reached skill level 2 in Polearms
  3697 | D:4      | Reached skill level 2 in Staves
  3697 | D:4      | Reached skill level 2 in Ranged Weapons
  3697 | D:4      | Reached skill level 2 in Throwing
  3697 | D:4      | Reached skill level 2 in Armour
  3697 | D:4      | Reached skill level 5 in Dodging
  3697 | D:4      | Reached skill level 2 in Stealth
  3697 | D:4      | Reached skill level 2 in Shields
  3697 | D:4      | Reached skill level 2 in Evocations
  3910 | D:4      | Noticed a black bear
  3917 | D:4      | Killed a black bear
  3918 | D:4      | Reached skill level 7 in Unarmed Combat
  3918 | D:4      | Reached XP level 7. HP: 45/52 MP: 15/15
  4423 | D:5      | Entered Level 5 of the Dungeon
  4443 | D:5      | Reached skill level 2 in Conjurations
  4443 | D:5      | Reached skill level 2 in Hexes
  4443 | D:5      | Reached skill level 2 in Summonings
  4443 | D:5      | Reached skill level 2 in Necromancy
  4443 | D:5      | Reached skill level 2 in Translocations
  4443 | D:5      | Reached skill level 2 in Fire Magic
  4443 | D:5      | Reached skill level 2 in Ice Magic
  4443 | D:5      | Reached skill level 2 in Air Magic
  4443 | D:5      | Reached skill level 2 in Earth Magic
  4443 | D:5      | Reached skill level 2 in Poison Magic
  4640 | D:5      | HP: 6/52 [iguana (12)]
  4640 | D:5      | Slain by a howler monkey

Vanquished Creatures
  A black bear (D:4)
  An ogre (D:4)
  A bullfrog (D:4)
  An orc priest (D:5)
  2 hounds
  A jelly (D:4)
  Ijyb (D:4)
  7 adders
  2 worms
  2 dart slugs
  2 orcs (D:5)
  6 ball pythons
  5 bats
  4 endoplasms
  6 giant cockroaches
  5 goblins
  11 hobgoblins
  5 quokkas
  2 frilled lizards (D:1)
  7 kobolds
  6 rats
78 creatures vanquished.

Table legend:
 A = Non-vault XP
 B = Vault XP
 C = Vault XP percentage of total XP
 D = Non-vault monster count
 E = Vault monster count
 F = Vault count percentage of total count
                 A         B        C        D         E       F
            +---------+---------+-------+---------+---------+-------
      Total |     712 |      44 |   5.8 |      72 |       6 |   7.7
            +---------+---------+-------+---------+---------+-------
        D:1 |      49 |       5 |   9.3 |      26 |       5 |  16.1
        D:2 |      65 |       0 |   0.0 |      15 |       0 |   0.0
        D:3 |      49 |       0 |   0.0 |      14 |       0 |   0.0
        D:4 |     456 |      39 |   7.9 |      13 |       1 |   7.1
        D:5 |      93 |       0 |   0.0 |       4 |       0 |   0.0
            +---------+---------+-------+---------+---------+-------

Illustrated notes

Table legend:
 A = Kills in this place as a percentage of kills in entire the game.
 B = Kills by you in this place as a percentage of kills by you in the entire game.
 C = Kills by friends in this place as a percentage of kills by friends in the entire game.
 D = Other kills in this place as a percentage of other kills in the entire game.
 E = Experience gained in this place as a percentage of experience gained in the entire game.
 F = Experience gained in this place divided by the number of levels of this place that you have seen.
                   A       B       C       D       E      F
               +-------+-------+-------+-------+-------+----------------------
         Total | 100.0 | 100.0 |   N/A |   N/A | 100.0 | 151.2
       Dungeon | 100.0 | 100.0 |   N/A |   N/A | 100.0 | 151.2
               +-------+-------+-------+-------+-------+----------------------

Table legend: (Time is in decaauts)
 A = Elapsed time spent in this place.
 B = Non-inter-level travel time spent in this place.
 C = Inter-level travel time spent in this place.
 D = Time resting spent in this place.
 E = Time spent auto-exploring this place.
 F = Levels seen in this place.
 G = Mean time per level.
                   A        B        C        D        E       F      G
               +--------+--------+--------+--------+--------+-----+--------+
         Total |   4619 |   4544 |     75 |     41 |   3835 |   5 |  923.8 |
       Dungeon |   4619 |   4544 |     75 |     41 |   3835 |   5 |  923.8 |
               +--------+--------+--------+--------+--------+-----+--------+

Top non-repeatable levels by time:
     D:1: 1228 daAuts
     D:4: 1194 daAuts
     D:2: 1009 daAuts
     D:3: 973 daAuts
     D:5: 213 daAuts
